 Dungeon Crawl Stone Soup version 0.30-a0-782-ge64f9170bb (webtiles) character file.

Game seed: 11201070719679312442

187 112233 the Gusty (level 5, 0/31 HPs)
             Began as an Octopode Air Elementalist on Feb 25, 2023.
             Was an Initiate of Gozag.
             Killed from afar by a white imp (9 damage)
             ... with a puff of frost
             ... on level 5 of the Dungeon.
             The game lasted 00:02:24 (3719 turns).

112233 the Gusty (Octopode Air Elementalist)        Turns: 3719, Time: 00:02:25

Health: 0/31       AC:  1    Str:  7    XL:     5   Next: 66%
Magic:  10/10      EV: 13    Int: 19    God:    Gozag
Gold:   132        SH:  0    Dex: 13    Spells: 6/11 levels left

rFire   . . .      SeeInvis .    c - +0 short sword
rCold   . . .      Faith    .    (no shield)
rNeg    . . .      Spirit   .    (helmet restricted)
rPois   .          Reflect  .    (no amulet)
rElec   .          Harm     .    (no ring)
rCorr   .          Rampage  .    (no ring)
Will    .....                    (no ring)
Stlth   +++                      (no ring)
HPRegen 0.25/turn                (no ring)
MPRegen 0.12/turn                (no ring)
                                 (no ring)
                                 (no ring)

@: no status effects
A: almost no armour, amphibious, 8 rings, camouflage 1, gelatinous body 1,
(nimble swimmer 1), tentacles
a: Renounce Religion, Potion Petition, Call Merchant, Bribe Branch


You were on level 5 of the Dungeon.
You worshipped Gozag.
Gozag was aware of your devotion.
You visited 2 branches of the dungeon, and saw 6 of its levels.

You collected 208 gold pieces.
You paid 76 gold pieces to Gozag.

Inventory:

Hand Weapons
 c - a +0 short sword (weapon)
Armour
 m - a +0 kite shield
Jewellery
 g - an amulet of the acrobat
Scrolls
 b - a scroll of fear {unknown}
 d - 2 scrolls of fog {unknown}
 e - 5 scrolls of identify {unknown}
 f - a scroll of enchant armour {unknown}
 i - a scroll of amnesia {unknown}
 k - 3 scrolls of teleportation {unknown}
 o - a scroll of poison {unknown}
Potions
 a - a potion of magic
 h - a potion of mutation {unknown}
 j - a potion of invisibility {unknown}
 n - 2 potions of heal wounds {unknown}
 p - 2 potions of berserk rage {unknown}


   Skills:
 - Level 2.3 Dodging
 - Level 3.3 Stealth
 + Level 3.8 Spellcasting
 - Level 1.5 Conjurations
 + Level 4.3 Air Magic


You had 6 spell levels left.
You knew the following spells:

 Your Spells              Type           Power      Damage    Failure   Level
a - Shock                 Conj/Air       56%        1d6       4%          1
b - Static Discharge      Conj/Air       28%        2-4/arc   6%          2
c - Blink                 Tloc           6%         N/A       22%         2

Your spell library contained the following spells:

 Spells                   Type           Power      Damage    Failure   Level
 Swiftness                Air            20%        N/A       7%          3
 Magic Dart               Conj           36%        1d4       8%          1
 Beastly Appendage        Tmut           6%         N/A       14%         1
 Necrotise                Necr           12%        1d4       14%         1
 Vhi's Electric Charge    Tloc/Air       22%        N/A       17%         3
 Mephitic Cloud           Conj/Pois/Air  11%        N/A       19%         3
 Call Imp                 Summ           3%         N/A       22%         2
 Scorch                   Fire           6%         2d5       22%         2
 Wereblood                Tmut           3%         N/A       22%         2
 Airstrike                Air            10%        2d(2-18)  24%         4
 Call Canine Familiar     Summ           3%         N/A       38%         3
 Portal Projectile        Hex/Tloc       6%         N/A       38%         3
 Spider Form              Tmut/Pois      3%         N/A       38%         3
 Vampiric Draining        Necr           3%         2d6       38%         3
 Flame Wave               Conj/Fire      6%         2d5       71%         4
 Arcjolt                  Conj/Air       7%         1d17      75%         5
 Leda's Liquefaction      Hex/Erth       1%         N/A       80%         4
 Manifold Assault         Tloc           3%         N/A       80%         4
 Agony                    Necr           3%         N/A       98%         5
 Summon Cactus Giant      Summ           1%         N/A       100%        6
 Storm Form               Tmut/Air       5%         N/A       100%        7
 Maxwell's Capacitive Co  Air            10%        ∞         100%        8


Dungeon Overview and Level Annotations

Branches:
Dungeon (5/15)             Temple (1/1) D:5

Altars:
Ashenzari
Dithmenos
Elyvilon
Gozag
Hepliaklqana
Kikubaaqudgha
Makhleb
Okawaru
Sif Muna
Trog
Uskayaw
Vehumet
Wu Jian
Xom
Yredelemnul
Zin
The Shining One

Annotations:
D:4 exclusion: upstairs


Innate Abilities, Weirdness & Mutations

You cannot wear most types of armour.
You are amphibious.
You can wear up to eight rings at the same time.
Your skin changes colour to match your surroundings (Stealth+).
Your rubbery body absorbs attacks. (AC +1, EV +1)
((You are camouflaged when in or above water. (Stealth+)))
You have tentacles for arms and can constrict up to eight enemies at once.


Message History

The jelly quivers.
The orc wizard gestures at you while chanting.
The puff of flame hits you!
The orc wizard hits you with a +0 dagger.
You climb downwards.
Welcome back to the Ecumenical Temple!
There is a staircase back to the Dungeon here.
Unknown command.
Casting: Shock (safe; 4% risk of failure)
Confirm with . or Enter, or press ? or * to list all spells.
The orc wizard is struck by an arc of lightning.
The orc wizard is severely wounded.
You are struck by an arc of lightning.
The lightning grounds out.
The orc wizard hits you with a +0 dagger.
The orc wizard hits you but does no damage.
Unknown command.
Casting: Static Discharge (safe; 7% risk of failure)
Confirm with . or Enter, or press ? or * to list all spells.
The orc wizard is struck by an arc of lightning.
You kill the orc wizard!
You are struck by an arc of lightning.
Your magical contamination has completely faded away.
You start resting.
HP restored.
Unknown command.
You start waiting.
Unknown command.
Unknown command.
You start waiting.
Done waiting.
You climb upwards.
Welcome back to the Dungeon!
The jelly hits you.
You are splashed with acid!
The jelly hits you.
You are splashed with acid!
* * * LOW HITPOINT WARNING * * *
There is a staircase to the Ecumenical Temple here.
Unknown command.
You feel better. The jelly hits you.
You are splashed with acid!
* * * LOW HITPOINT WARNING * * *
The white imp gestures at you. The puff of frost hits you!
You die...
Your body crumbles into a pile of gold.

.# #. ... #.
.#.##.
..5#.######
##.....[..####
#..........)..
#.#.!§§§..#
#.#..§@§..#
#.##.J§§..#
#.##......#
#)#######.#
#<# #.# #[#
#.# #.# #.#
#.#######.#
#>†.....#.#


You could see a jelly and a white imp.

Vanquished Creatures
  An orc priest (D:4)
  An orc wizard (Temple)
  An iguana (D:5)
  4 gnolls
  3 adders
  A white imp (D:4)
  2 worms (D:2)
  2 orcs (D:5)
  4 endoplasms
  A giant cockroach (D:1)
  3 goblins
  4 kobolds
  3 ball pythons
  4 bats
  A frilled lizard (D:3)
  4 rats
39 creatures vanquished.

Notes
Turn   | Place    | Note
-------+----------+-------------------------------------------
     0 | D:1      | 112233 the Octopode Air Elementalist began the quest for
                  | the Orb.
     0 | D:1      | Reached XP level 1. HP: 11/11 MP: 3/3
   458 | D:1      | Reached XP level 2. HP: 17/17 MP: 3/5
   461 | D:1      | Learned a level 2 spell: Static Discharge
  1295 | D:2      | Reached XP level 3. HP: 18/21 MP: 0/6
  1885 | D:2      | Learned a level 2 spell: Blink
  2171 | D:4      | Found an ancient bone altar of Kikubaaqudgha.
  2176 | D:4      | Reached XP level 4. HP: 20/27 MP: 3/8
  2321 | D:3      | Noticed a black bear
  2465 | D:4      | Found a shadowy altar of Dithmenos.
  2466 | D:4      | Found a burning altar of Makhleb.
  2688 | D:4      | Reached skill level 4 in Air Magic
  2688 | D:4      | Reached XP level 5. HP: 17/31 MP: 1/10
  2689 | D:5      | Entered Level 5 of the Dungeon
  3351 | D:5      | Found a staircase to the Ecumenical Temple.
  3364 | Temple   | Entered the Ecumenical Temple
  3449 | Temple   | Became a worshipper of Gozag Ym Sagoz the Greedy
  3719 | D:5      | Killed from afar by a white imp

Illustrated notes

Levels and vault maps discovered:
D:1:      amcnicky_arrival_wind_blow, layout_loops_corners, serial_glass,
          glass_columns_a, glass_columns_c, feat_on_display, item_on_display_a,
          minmay_strange_pillars, minmay_strange_pillars, nrook_uturn
D:2:      layout_rooms, serial_aquarium, aquarium_bridge_long_separate
          [aquarium_subvault_window, aquarium_subvault_bridge,
          aquarium_subvault_bridge, aquarium_subvault_wall,
          aquarium_subvault_bridge, aquarium_subvault_bridge],
          aquarium_window_corridor_3, aquarium_window_fake, aquarium_window_1,
          aquarium_window_1, aquarium_view_2c, aquarium_view_2a,
          aquarium_balcony_1a, aquarium_pool_corner
D:3:      layout_basic, gup_sewer_entry_spiral
D:4:      layout_rooms, kiku_gazebo_pond_becter, nicolae_overflow_two_pavilions,
          kennysheep_path_1
D:5:      layout_loops_ring, nemelex_xobeh_ov_fountains_minmay,
          minmay_temple_entry_purple_smoke, ebering_ghost_reflecting_pool,
          st_stairs_11, dreamdust_princess_bridge
Temple:   zaba_magenta_temple

Skill      XL: |  1  2  3  4 |
---------------+-------------+-----
Stealth        | 3 |  3.3
Spellcasting   | 3 |  3.8
Air Magic      | 4 |  4.3
Dodging        | |  2.3
Conjurations   | |  1.5

Action                     |  1- 3 |  4- 6 || total
---------------------------+-------+-------++-------
  Melee: Unarmed           |     7 |       ||     7
         Constrict         |     8 |     2 ||    10
         Tentacles         |     6 |     1 ||     7
         Short sword       |     9 |     6 ||    15
   Cast: Shock             |    57 |    33 ||    90
         Static Discharge  |       |     8 ||     8
    Use: Potion            |       |     3 ||     3
 Armour: Skin              |     1 |     1 ||     2
  Dodge: Dodged            |    15 |    13 ||    28

Table legend: (Time is in decaauts)
 A = Elapsed time spent in this place.
 B = Non-inter-level travel time spent in this place.
 C = Inter-level travel time spent in this place.
 D = Time resting spent in this place.
 E = Time spent auto-exploring this place.
 F = Levels seen in this place.
 G = Mean time per level.
                   A        B        C        D        E       F      G
               +--------+--------+--------+--------+--------+-----+--------+
         Total |   3721 |   3570 |    151 |    784 |   2464 |   6 |  620.2 |
       Dungeon |   3373 |   3265 |    108 |    542 |   2414 |   5 |  674.6 |
        Temple |    347 |    304 |     43 |    242 |     50 |   1 |  347.0 |
               +--------+--------+--------+--------+--------+-----+--------+

Top non-repeatable levels by time:
     D:1: 1051 daAuts
     D:2: 875 daAuts
     D:5: 679 daAuts
     D:4: 573 daAuts
  Temple: 347 daAuts
     D:3: 194 daAuts
